 Dungeon Crawl Stone Soup version 0.28.0-43-g3370ac3207 (webtiles) character file.

Game seed: 12167486255553987987

1459 GreyFruit the Firebug (level 8, -3/88 HPs)
             Began as a Red Draconian Fire Elementalist on Mar 5, 2022.
             Was an Initiate of Ashenzari.
             Slain by an orc warrior
             ... wielding a +0 scimitar
              (7 damage)
             ... on level 5 of the Dungeon.
             The game lasted 00:18:33 (7910 turns).

GreyFruit the Firebug (DrFE)                        Turns: 7910, Time: 00:18:33

Health: -3/88      AC:  7    Str:  9 (11) XL:     8   Next: 48%
Magic:  17/17      EV: 12    Int: 16 (18) God:    Ashenzari [......]
Gold:   400        SH:  0    Dex:  9 (11) Spells: 16/19 levels left

rFire   + . .      SeeInvis .   o - +3 trident (venom)
rCold   . . .      Faith    .   (no shield)
rNeg    . . .      Spirit   .   (armour unavailable)
rPois   .          Reflect  .   (helmet restricted)
rElec   .          Harm     .   p - +0 cloak
rCorr   .          Rampage  .   (no gloves)
Will    .....                   (no boots)
Stlth   ..........              (no amulet)
HPRegen 0.24/turn               (no ring)
MPRegen 0.15/turn               (no ring)

@: berserking (expiring), very quick
A: breathe fire, AC +6, unfitting armour, fire resistance 1, cold-blooded
a: Breathe Fire, Renounce Religion, Curse Item


You were on level 5 of the Dungeon.
You worshipped Ashenzari.
Ashenzari was noncommittal.
You visited 2 branches of the dungeon, and saw 7 of its levels.

You collected 400 gold pieces.

Inventory:

Hand Weapons
 o - a +3 trident of venom (weapon)
Missiles
 b - 4 throwing nets
Armour
 p - a +0 cloak (worn)
Jewellery
 a - a +4 ring of evasion
 A - an amulet of regeneration
Wands
 m - a wand of paralysis (12)
 n - a wand of mindburst (6)
 y - a wand of iceblast (4)
Scrolls
 d - 2 scrolls of holy word {unknown}
 g - a scroll of amnesia {unknown}
 j - 2 scrolls of teleportation {unknown}
 l - 2 scrolls of fear {unknown}
 q - a scroll of immolation {unknown}
 s - a scroll of enchant armour {unknown}
 u - a scroll of acquirement {unknown}
 v - a scroll of vulnerability {unknown}
 w - a scroll of magic mapping {unknown}
 x - a scroll of blinking {unknown}
Potions
 e - 5 potions of curing
 h - a potion of invisibility {unknown}
 i - 2 potions of might {unknown}
 k - 3 potions of lignification {unknown}
 r - 2 potions of haste {unknown}
 t - a potion of brilliance {unknown}
 z - a potion of heal wounds {unknown}


   Skills:
 + Level 1.1 Fighting
 + Level 1.3 Short Blades
 + Level 1.8 Polearms
 + Level 2.8 Dodging
 - Level 2.3 Stealth
 + Level 6.0 Spellcasting
 + Level 5.1 Conjurations
 + Level 7.2 Fire Magic


You had 16 spell levels left.
You knew the following spells:

 Your Spells              Type           Power      Damage    Failure   Level
a - Foxfire               Conj/Fire      96%        2x1d8     1%          1
b - Scorch                Fire           56%        2d7       1%          2

Your spell library contained the following spells:

 Spells                   Type           Power      Damage    Failure   Level
 Conjure Flame            Conj/Fire      24%        6-21      3%          3
 Inner Flame              Hex/Fire       16%        N/A       10%         3
 Flame Wave               Conj/Fire      24%        2d7       11%         4
 Ensorcelled Hibernation  Hex/Ice        8%         N/A       21%         2
 Gell's Gravitas          Tloc           4%         N/A       38%         3
 Lesser Beckoning         Tloc           4%         N/A       38%         3
 Spider Form              Tmut/Pois      4%         N/A       38%         3
 Teleport Other           Tloc           4%         N/A       38%         3
 Anguish                  Hex/Necr       2%         N/A       80%         4
 Dispersal                Tloc           2%         N/A       100%        6


Dungeon Overview and Level Annotations

Branches:
Dungeon (6/15)             Temple (1/1) D:4

Altars:
Ashenzari
Cheibriados
Dithmenos
Elyvilon
Fedhas
Gozag
Hepliaklqana
Kikubaaqudgha
Makhleb
Nemelex Xobeh
Okawaru
Qazlal
Sif Muna
Trog
Vehumet
Wu Jian
Xom
The Shining One

Shops:
D:2 !   D:5 [[

Annotations:
D:3 Pargi


Innate Abilities, Weirdness & Mutations

You can breathe blasts of fire.
Your fiery red scales are hard. (AC +6)
You cannot fit into any form of body armour.
Your flesh is heat resistant. (rF+)
You are cold-blooded and may be slowed by cold attacks.


Message History

The foxfire hits the orc warrior but does no damage.
Your Conjurations skill increases to level 5!
Unknown command.
It was a potion of curing.
You feel better.
The orc warrior hits you with a +0 scimitar!
It was a potion of degeneration.
There was something very wrong with that liquid.
You feel weakened.
You feel dopey.
You feel clumsy.
The orc warrior hits you with a +0 scimitar.
* * * LOW HITPOINT WARNING * * *
It was a potion of berserk rage.
A red film seems to cover your vision as you go berserk!
You feel yourself moving faster!
You feel mighty!
The orc warrior hits you with a +0 scimitar!
* * * LOW HITPOINT WARNING * * *
You hit the orc warrior.
The orc warrior is poisoned.
The orc warrior is lightly wounded.
You closely miss the orc warrior.
Your tail-slap misses the orc warrior.
The orc warrior is moderately wounded.
The orc warrior closely misses you.
You barely miss the orc warrior.
The orc warrior is lightly wounded.
The orc warrior hits you but does no damage.
You completely miss the orc warrior.
The orc warrior is moderately wounded.
The orc warrior hits you with a +0 scimitar!
* * * LOW HITPOINT WARNING * * *
You closely miss the orc warrior.
The orc warrior is moderately wounded.
You closely miss the orc warrior.
The orc warrior is moderately wounded.
The orc warrior closely misses you.
You closely miss the orc warrior.
The orc warrior is moderately wounded.
The orc warrior hits you but does no damage.
You hit the orc warrior.
The orc warrior looks as sick as possible!
The orc warrior is heavily wounded.
The orc warrior hits you with a +0 scimitar!
You die...

.....§...........#....)>.#....###
..........####...##......#......#
#####'########...##......+......#
#........................#......#
#.....................∩..#......#
#........................#......#
#........................###+#...
#####...###.###..##..........#...
....#...###+###.@##..........#...
....#....#.......o.......##..#...
....#....'...............##..##'#
....##'####..######..............
..........#### #..............
..†.......# ###+######.##..#
.>........# #......###.##..#
..........########......#........
#####.................<.#........


You could see an orc warrior (extremely poisoned).

Vanquished Creatures
  A water moccasin (D:5)
  A sky beast (D:5)
  A black bear (D:4)
  A necrophage (D:5)
  2 ogres (D:5)
  A phantom (D:5)
  A gnoll sergeant (D:3)
  A water moccasin zombie (D:5)
  A howler monkey (D:3)
  Crazy Yiuf (D:3)
  A gnoll shaman (D:3)
  4 hounds
  An iguana (D:5)
  2 orc wizards
  Ijyb (D:3)
  18 gnolls (D:3)
  A howler monkey skeleton (D:5)
  6 adders
  A shadow imp (D:5)
  2 worms
  3 dart slugs (D:1)
  24 orcs
  3 ball pythons (D:1)
  5 endoplasms
  6 giant cockroaches
  10 goblins
  3 hobgoblins
  16 jackals
  15 kobolds
  3 quokkas
  5 bats
  3 frilled lizards
  5 rats
149 creatures vanquished.

Vanquished Creatures (collateral kills)
  4 foxfires (D:3)
4 creatures vanquished.

Vanquished Creatures (others)
  587 foxfires
  4 plants
591 creatures vanquished.

Grand Total: 744 creatures vanquished

Notes
Turn   | Place    | Note
-------+----------+-------------------------------------------
     0 | D:1      | GreyFruit the Draconian Fire Elementalist began the quest
                  | for the Orb.
     0 | D:1      | Reached XP level 1. HP: 14/14 MP: 3/3
   207 | D:1      | Reached XP level 2. HP: 18/20 MP: 0/5
   941 | D:1      | Reached XP level 3. HP: 26/26 MP: 1/6
  1184 | D:1      | Found a faded altar of an unknown god.
  1695 | D:2      | Reached XP level 4. HP: 33/33 MP: 2/8
  1869 | D:2      | You fall into a shaft and drop 1 floor!
  2332 | D:2      | Found Aczeidol's Distillery.
  2514 | D:3      | Noticed Ijyb
  2548 | D:3      | Killed Ijyb
  2977 | D:3      | Noticed Pargi
  2981 | D:3      | Reached XP level 5. HP: 31/38 MP: 0/9
  3124 | D:3      | Reached skill level 1 in Short Blades
  3281 | D:3      | Reached skill level 4 in Fire Magic
  3281 | D:3      | Reached XP level 6. HP: 46/46 MP: 0/11
  3411 | D:3      | Reached skill level 1 in Fighting
  4029 | D:3      | Your scales start taking on a fiery red colour.
  4029 | D:3      | Reached skill level 5 in Fire Magic
  4029 | D:3      | Reached XP level 7. HP: 52/52 MP: 3/13
  4029 | D:3      | Gained mutation: Your flesh is heat resistant. (rF+) [Red
                  | Draconian growth]
  4543 | D:3      | Found a runed translucent door.
  4547 | D:3      | Learned a level 2 spell: Scorch
  4547 | D:3      | Noticed Crazy Yiuf
  4554 | D:3      | Killed Crazy Yiuf
  5873 | D:4      | Found a staircase to the Ecumenical Temple.
  5885 | Temple   | Entered the Ecumenical Temple
  6191 | Temple   | Became a worshipper of Ashenzari the Shackled
  6645 | D:5      | Entered Level 5 of the Dungeon
  6738 | D:5      | Reached skill level 6 in Fire Magic
  6776 | D:5      | Reached skill level 1 in Polearms
  6903 | D:5      | Found Gunef's Armour Emporium.
  6915 | D:5      | Reached skill level 5 in Spellcasting
  6989 | D:5      | Found Acluhafemo's Armour Shoppe.
  7074 | D:5      | Reached XP level 8. HP: 59/59 MP: 8/15
  7252 | D:5      | Reached skill level 7 in Fire Magic
  7890 | D:5      | Reached skill level 5 in Conjurations
  7906 | D:5      | HP: 4/88 [orc warrior/+0 scimitar (7)]
  7910 | D:5      | Slain by an orc warrior

Illustrated notes

Levels and vault maps discovered:
D:1:      amcnicky_arrival_double_pillar, layout_loops_cross,
          shapermc_ecumenical_altar_petra
D:2:      layout_basic, serial_forest, infiniplex_forest_clump_curved,
          infiniplex_forest_zigzag_1, infiniplex_forest_end_1,
          infiniplex_forest_lined_1, infiniplex_forest_3_way, serial_shops,
          shop, minmay_vboxes
D:3:      lemuel_castle_with_subvaults [lemuel_castle_interior_carwin_1],
          layout_basic, patterned_corridor, uniq_pargi, uniq_crazy_yiuf_cottage,
          uniq_ijyb
D:4:      cheibrodos_old_hovel, layout_loops_corners,
          minmay_temple_entry_offerings
D:5:      layout_gridville, serial_shops, shop, nicolae_inconvenience_store,
          hangedman_decor_points
D:6:      layout_rooms, minmay_misc_feat_plants, grunt_ministairs_3,
          hellmonk_guarded_unrand_lears, uniq_menkaure, uniq_grinder
Temple:   eino_narrow_crystal_temple

Skill      XL: |  1  2  3  4  5  6  7  8 |
---------------+-------------------------+-----
Dodging        | 2 |  2.8
Spellcasting   | 3 4 5 6 |  6.0
Conjurations   | 2 3 4 5 |  5.1
Stealth        | 2 |  2.3
Short Blades   | 1 |  1.3
Fire Magic     | 4 5 6 7 |  7.2
Fighting       | 1 |  1.1
Polearms       | 1 |  1.8

Action                   |  1- 3 |  4- 6 |  7- 9 || total
-------------------------+-------+-------+-------++-------
Melee: Dagger            |     3 |       |       ||     3
       Tailslap          |     7 |     9 |     3 ||    19
       Short sword       |    35 |    46 |       ||    81
       Punch             |     1 |       |     1 ||     2
       Trident           |       |     4 |    48 ||    52
 Cast: Foxfire           |    79 |   144 |   149 ||   372
       Scorch            |       |       |     3 ||     3
 Abil: Breathe Fire      |       |       |     1 ||     1
  Use: Potion            |       |       |     3 ||     3
 Stab: Sleeping          |       |     1 |     1 ||     2
Armor: Skin              |    14 |    14 |    16 ||    44
Dodge: Dodged            |    27 |    35 |    34 ||    96
